 Dungeon Crawl Stone Soup version 0.28.0-43-g3370ac3207 (webtiles) character file.

Game seed: 18219944584063074361

5 vvl the Stinger (level 1, 0/13 HPs)
             Began as a Demonspawn Venom Mage on Mar 4, 2022.
             Slain by a jackal (1 damage)
             ... on level 1 of the Dungeon.
             The game lasted 00:00:58 (213 turns).

vvl the Stinger (Demonspawn Venom Mage)              Turns: 213, Time: 00:00:59

Health: 0/13       AC:  2    Str:  8    XL:     1   Next: 66%
Magic:  0/3        EV: 12    Int: 16    God:
Gold:   0          SH:  0    Dex: 13    Spells: 3/4 levels left

rFire   . . .      SeeInvis .   b - +0 dagger
rCold   . . .      Faith    .   (no shield)
rNeg    . . .      Spirit   .   a - +0 robe
rPois   .          Reflect  .   (no helmet)
rElec   .          Harm     .   (no cloak)
rCorr   .          Rampage  .   (no gloves)
Will    .....                   (no boots)
Stlth   ++........              (no amulet)
HPRegen 0.04/turn               (no ring)
MPRegen 0.08/turn               (no ring)

@: no status effects
A: no striking features
a: no special abilities


You were on level 1 of the Dungeon.
You visited 1 branch of the dungeon, and saw 1 of its levels.

Inventory:

Hand Weapons
 b - a +0 dagger (weapon)
Armour
 a - a +0 robe (worn)


   Skills:
 + Level 0.2 Fighting
 + Level 0.1 Armour
 + Level 1.8 Dodging
 + Level 1.8 Stealth
 + Level 2.0 Spellcasting
 + Level 1.0 Transmutations
 + Level 3.0 Poison Magic


You had 3 spell levels left.
You knew the following spells:

 Your Spells              Type           Power      Damage    Failure   Level
a - Sting                 Tmut/Pois      32%        1d4       9%          1

Your spell library contained the following spells:

 Spells                   Type           Power      Damage    Failure   Level
 Poisonous Vapours        Pois/Air       12%        N/A       17%         2
 Mephitic Cloud           Conj/Pois/Air  4%         N/A       38%         3
 Olgreb's Toxic Radiance  Pois           11%        N/A       52%         4


Dungeon Overview and Level Annotations

Branches:
Dungeon (1/15)

Altars:


Message History

Your Transmutations skill increases to level 1!
The sting hits the jackal.
The jackal is poisoned.
The jackal is lightly wounded.
The jackal bites you but does no damage.
The jackal barely misses you. The jackal closely misses you.
The jackal looks more healthy.
The jackal bites you. The jackal bites you.
Things that are here:
a +0 dagger; a kobold corpse
b - a +0 dagger The jackal misses you.
The jackal bites you.
b - a +0 dagger (weapon)
Casting: Sting (safe; 9% risk of failure)
Confirm with . or Enter, or press ? or * to list all spells.
Aiming: Sting (safe; 9% risk of failure)
Press: ? - help, Shift-Dir - straight line, f/p - jackal
Aim: a jackal (almost dead, 60% to hit)
The sting misses the jackal.
The sting hits the jackal but does no damage.
The jackal is poisoned.
The jackal bites you.
* * * LOW HITPOINT WARNING * * *
The jackal closely misses you.
You are too injured to fight recklessly!
You hit the jackal.
You kill the jackal!
You hit the jackal.
You kill the jackal!
You hit the jackal.
The jackal is lightly wounded.
The jackal barely misses you. x2
You barely miss the jackal.
The jackal is lightly wounded.
The jackal bites you.
* * * LOW HITPOINT WARNING * * *
Unknown command.
You hit the jackal.
The jackal is moderately wounded.
The jackal barely misses you. The jackal bites you.
You die...

######### #.hh....# #.#####.#
### #....h.# #.# #.. .......#
#h# #.# #.# #......# #.# #.#
#.# ##...#.#####h# #.# #.#
##.##.......# #.# #.# #.
####.#.####@# #.# #.
###.#.h.##h# #.#
...........#.###### #.#
##..#.............####.######
#..#........####............
#. #.###..### ######.......
#. #. #(.# ######## .. #...
.## #.###


You could see a jackal.

Vanquished Creatures
  A giant cockroach (D:1)
  2 jackals (D:1)
  A frilled lizard (D:1)
  A kobold (D:1)
5 creatures vanquished.

Notes
Turn   | Place    | Note
-------+----------+-------------------------------------------
     0 | D:1      | vvl the Demonspawn Venom Mage began the quest for the Orb.
     0 | D:1      | Reached XP level 1. HP: 13/13 MP: 3/3
   193 | D:1      | Reached skill level 1 in Transmutations
   213 | D:1      | Slain by a jackal

Illustrated notes

Levels and vault maps discovered:
D:1:      amcnicky_arrival_choice, layout_loops_ring

Skill      XL: |  1 |
---------------+----+-----
Transmutations | 1 |  1.0
Fighting       | |  0.2
Armour         | |  0.1
Dodging        | |  1.8
Stealth        | |  1.8
Spellcasting   | |  2.0
Poison Magic   | |  3.0

Action                   || total
-------------------------++-------
Melee: Dagger            ||     5
 Cast: Sting             ||     8
Armor: Robe              ||     1
Dodge: Dodged            ||     9
